 Dungeon Crawl Stone Soup version 0.20.1-1-g8b1a95d (webtiles) character file.

460 Monsterracer the Insei (level 7, -18/45 HPs)
             Began as an Octopode Transmuter on July 4, 2017.
             Demolished by a two-headed ogre
             ... wielding a +0 giant spiked club
              (23 damage)
             ... on level 5 of the Dungeon.
             The game lasted 00:10:35 (4058 turns).

Monsterracer the Insei (Octopode Transmuter)        Turns: 4058, Time: 00:10:36

Health: -18/45     AC:  2    Str:  9    XL:     7   Next: 7%
Magic:  7/10       EV: 20    Int: 18    God:
Gold:   181        SH:  0    Dex: 17    Spells: 1/10 levels left

rFire    . . .     SeeInvis .     - Unarmed
rCold    . . .     Gourm    .   (shield currently unavailable)
rNeg     + . .     Faith    .   (helmet currently unavailable)
rPois    x         Spirit   .   u - amulet of regeneration
rElec    .         Reflect  .   e - +1 ring of evasion
rCorr    .         Harm     .   s - ring of positive energy
MR       .....                  (no ring)
Stlth    ++........             (no ring)
Regen    0.6/turn               (no ring)
MPRegen  0.2/turn               (no ring)
                                (no ring)
                                (no ring)

@: lethally poisoned (-18 -> -27), spider-form (expiring)
A: almost no armour, stealthy swim, (amphibious), 8 rings, (constrict 8)
a: End Transformation


You were on level 5 of the Dungeon.
You were not hungry.
You were a venomous arachnid creature.
You visited 1 branch of the dungeon, and saw 5 of its levels.

You collected 181 gold pieces.

Inventory:

Missiles
 a - 83 arrows
Jewellery
 e - a +1 ring of evasion (left front leg)
 q - an uncursed ring of fire
 s - a ring of positive energy (right front leg)
 u - an amulet of regeneration (around neck)
Wands
 l - a wand of polymorph (15/24)
Scrolls
 g - a scroll of remove curse
 i - 2 scrolls of identify
 o - 2 scrolls of teleportation
Potions
 d - a potion of heal wounds
 h - a potion of lignification
 k - a potion of brilliance
 r - 3 potions of curing
Books
 b - a book of Changes

   Spells                             Type                      Level
   a - Beastly Appendage              Transmutation                1
   b - Sticks to Snakes               Transmutation                2
   c - Spider Form                    Transmutation/Poison         3
   d - Ice Form                       Ice/Transmutation            4
   e - Blade Hands                    Transmutation                5
Comestibles
 c - 7 bread rations
 f - 4 fruits
 m - a royal jelly
 p - 2 meat rations


   Skills:
 + Level 2.2 Fighting
 - Level 2.0 Dodging
 * Level 5.8 Unarmed Combat
 - Level 2.0 Spellcasting
 + Level 4.1 Transmutations
 + Level 1.4 Ice Magic
 - Level 2.0 Poison Magic


You had one spell level left.
You knew the following spells:

 Your Spells              Type           Power        Failure   Level  Hunger
b - Sticks to Snakes      Tmut           ###.....     14%         2    ###....
c - Spider Form           Tmut/Pois      ##........   34%         3    ###....
d - Ice Form              Ice/Tmut       ##......     71%         4    #####..


Dungeon Overview and Level Annotations

Branches:
Dungeon (5/15)
 Temple: D:4-7

Altars:
Dithmenos


Innate Abilities, Weirdness & Mutations

You cannot wear most types of armour.
You are very stealthy in the water. (Stealth+)
((You are amphibious.))
You can wear up to eight rings at the same time.
((You can use your tentacles to constrict eight enemies at once.))
((Your skin changes colour to match your surroundings (Stealth+).))
((Your rubbery body absorbs attacks. (AC +1, EV +1)))


Message History

The scorpion is moderately wounded.
You hit the scorpion but do no damage.
The scorpion looks as sick as possible!
The scorpion is heavily wounded.
The scorpion stings you.
You are poisoned.
The scorpion poisons you!
Damage: -5%(-2hp) hp: 72%(28hp)
You hit the scorpion but do no damage.
The scorpion is severely wounded.
You feel sick.
You kill the scorpion!
You have reached level 7!
Okay, then.
You barely miss the two-headed ogre.
You feel sick.
The two-headed ogre hits you with a giant spiked club!!
Ouch! That really hurt!
* * * LOW HITPOINT WARNING * * *
The two-headed ogre hits you with a giant club!!
Ouch! That really hurt!
You die...

##.######### #####
#.....<....# #....
##.#######.#####.##.
#.# #.......##. #(#
##########. #.## #.
#.(# #> ##)# #. #s#
#. #O# #. .o. ...
##.#. #.#. #.#.. #
#.# .# #.# .# #.# #


You could see a two-headed ogre and an orc.

Vanquished Creatures
  A phantom (D:5)
  An ogre (D:5)
  A scorpion (D:5)
  2 orc priests (D:3)
  Jessica (D:2)
  A howler monkey skeleton (D:4)
  3 adders
  A shadow imp (D:5)
  3 worms
  A dart slug (D:3)
  10 orcs
  7 bats
  4 giant cockroaches
  11 goblins
  11 hobgoblins
  9 jackals
  9 kobolds
  2 quokkas (D:2)
  3 ball pythons
  3 frilled lizards
  A jackal skeleton (D:4)
  10 rats
95 creatures vanquished.

Notes
Turn   | Place    | Note
-------+----------+-------------------------------------------
     0 | D:1      | Monsterracer the Octopode Transmuter began the quest for the Orb.
     0 | D:1      | Reached XP level 1. HP: 13/13 MP: 3/3
   163 | D:1      | Reached XP level 2. HP: 14/18 MP: 3/5
   689 | D:1      | Learned a level 2 spell: Sticks to Snakes
   859 | D:2      | Found a shadowy altar of Dithmenos.
   867 | D:2      | Reached XP level 3. HP: 8/23 MP: 3/6
  1266 | D:2      | Learned a level 3 spell: Spider Form
  1279 | D:2      | Noticed Jessica
  1291 | D:2      | Killed Jessica
  1291 | D:2      | Reached skill level 4 in Unarmed Combat
  1291 | D:2      | Reached XP level 4. HP: 19/28 MP: 3/7
  2526 | D:3      | Reached XP level 5. HP: 33/33 MP: 8/8
  2594 | D:3      | Reached skill level 1 in Poison Magic
  3076 | D:3      | Reached skill level 5 in Unarmed Combat
  3646 | D:4      | Reached XP level 6. HP: 38/38 MP: 9/9
  3652 | D:4      | Learned a level 4 spell: Ice Form
  3874 | D:5      | Entered Level 5 of the Dungeon
  3892 | D:5      | Noticed a phantom
  3909 | D:5      | Killed a phantom
  3977 | D:5      | Reached skill level 1 in Ice Magic
  4046 | D:5      | Noticed a two-headed ogre
  4057 | D:5      | Reached XP level 7. HP: 31/45 MP: 7/10
  4058 | D:5      | Demolished by a two-headed ogre

Skill      XL: |  1  2  3  4  5  6 |
---------------+-------------------+-----
Unarmed Combat | 4 5 |  5.8
Transmutations | 3 4 |  4.1
Poison Magic   | 2 |  2.0
Ice Magic      | 1 |  1.4
Fighting       | 2 |  2.2
Dodging        | |  2.0
Spellcasting   | |  2.0

Action                   |  1- 3 |  4- 6 |  7- 9 || total
-------------------------+-------+-------+-------++-------
Melee: Unarmed           |    67 |   167 |     1 ||   235
       Constrict         |    14 |    21 |       ||    35
       Kick              |     4 |     2 |       ||     6
       Punch             |     2 |       |       ||     2
       Tentacles         |     3 |    10 |       ||    13
 Cast: Beastly Appendage |     7 |     2 |       ||     9
       Spider Form       |     1 |     8 |       ||     9
       Ice Form          |       |     1 |       ||     1
  Use: Potion            |     6 |     5 |       ||    11
       Scroll            |       |     9 |       ||     9
 Stab: Sleeping          |     2 |     6 |       ||     8
  Eat: Chunk             |     1 |    10 |       ||    11
Armor: Skin              |     7 |     9 |       ||    16
Dodge: Dodged            |    52 |   119 |       ||   171
